 Dungeon Crawl Stone Soup version 0.19.1 (webtiles) character file.

95 dajomu the Covered (level 4, 0/36 HPs)
             Began as a Minotaur Fighter on Dec 22, 2016.
             Slain by a worker ant (3 damage)
             ... on level 3 of the Dungeon.
             The game lasted 00:12:34 (2101 turns).

dajomu the Covered (Minotaur Fighter)               Turns: 2101, Time: 00:12:34

Health: 0/36       AC:  7    Str: 18 (20) XL:     4   Next: 39%
Magic:  3/3        EV:  7    Int:  3 (5)  God:
Gold:   128        SH: 13    Dex:  8 (11) Spells: 0 memorised, 3 levels left

rFire  . . .     SeeInvis .     a - +0 long sword
rCold  . . .     Gourm    .     b - +0 scale mail
rNeg   . . .     Faith    .     c - +0 shield
rPois  .         Spirit   .     (helmet unavailable)
rElec  .         Reflect  .     (no cloak)
rCorr  .         Harm     .     (no gloves)
MR     .....                    (no boots)
Stlth  ..........               (no amulet)
                                (no ring)
                                (no ring)

@: no status effects
A: retaliatory headbutt, horns 3, large bone plates 1, frail 1
a: no special abilities


You were on level 3 of the Dungeon.
You were not hungry.

You visited 1 branch of the dungeon, and saw 3 of its levels.

You collected 128 gold pieces.

Inventory:

Hand Weapons
 a - a +0 long sword (weapon)
Missiles
 n - 16 poisoned needles
Armour
 b - a +0 scale mail (worn)
 c - a +0 shield (worn)
 p - +0 gold dragon scales
Jewellery
 q - a cursed amulet of inaccuracy
Scrolls
 e - a scroll of fog
 j - 2 scrolls of teleportation
 m - 4 scrolls of identify
Potions
 d - a potion of might
 h - a potion of ambrosia {unknown}
 l - a potion of agility {unknown}
 o - a potion of resistance {unknown}
 r - a potion of curing {unknown}
Comestibles
 f - a bread ration
 s - a slice of pizza


   Skills:
 + Level 4.2 Fighting
 + Level 3.2 Long Blades
 + Level 4.5 Armour
 + Level 1.0 Dodging
 + Level 4.4 Shields


You had 3 spell levels left.
You didn't know any spells.

Dungeon Overview and Level Annotations

Branches:
Dungeon (3/15)

Altars:
Ashenzari


Innate Abilities, Weirdness & Mutations

You reflexively headbutt those who attack you in melee.
You have a pair of large horns on your head.
You are partially covered in large bone plates. (SH +4)
You are frail. (-10% HP)


Message History

The ogre hits you with a giant spiked club!
* * * LOW HITPOINT WARNING * * *
You hit the ogre.
The ogre is moderately wounded.
You block the ogre's attack.
Things that are here:
a club; a shield; a hobgoblin corpse
As you read the scroll of teleportation, it crumbles to dust.
You feel strangely unstable. You block the ogre's attack.
Your surroundings suddenly seem different.
A hobgoblin comes into view.
The hobgoblin shouts!
A worker ant comes into view.
The worker ant twitches its antennae in your direction.
The worker ant bites you but does no damage.
You hit the worker ant but do no damage.
You block the worker ant's attack. x2
Your shield and scale mail prevent you from hitting the worker ant.
You block the worker ant's attack. The worker ant bites you.
You die...

..K .. ..
g##+#####
.......
#....#####
#.........
#.@..#
#.a..#
......#
######...
#### .##


You could see a worker ant, a hobgoblin and a kobold (wandering).

Vanquished Creatures
  A worker ant (D:3)
  An adder (D:3)
  2 oozes
  2 dart slugs
  8 leopard geckos
  4 bats
  2 giant cockroaches
  5 goblins
  7 hobgoblins
  4 kobolds
  2 frilled lizards (D:1)
  A rat (D:2)
39 creatures vanquished.

Notes
Turn   | Place    | Note
-------+----------+-------------------------------------------
     0 | D:1      | dajomu the Minotaur Fighter began the quest for the Orb.
     0 | D:1      | Reached XP level 1. HP: 19/19 MP: 0/0
    85 | D:1      | Found a shattered altar of Ashenzari.
   299 | D:1      | Reached XP level 2. HP: 24/27 MP: 1/1
  1146 | D:2      | Reached XP level 3. HP: 31/33 MP: 2/2
  1859 | D:3      | Reached XP level 4. HP: 22/40 MP: 3/3
  2007 | D:3      | Reached skill level 1 in Dodging
  2064 | D:3      | Gained mutation: You are frail. (-10% HP) [potion of mutation]
  2064 | D:3      | Gained mutation: You are partially covered in large bone plates. (SH +4) [potion of mutation]
  2064 | D:3      | Gained mutation: You have a pair of large horns on your head. [potion of mutation]
  2080 | D:3      | Noticed an ogre
  2101 | D:3      | Slain by a worker ant

Skill      XL: |  1  2  3  4 |
---------------+-------------+-----
Armour         | 4 |  4.5
Shields        | 4 |  4.4
Fighting       | 4 |  4.2
Long Blades    | 3 |  3.2
Dodging        | 1 |  1.0

Action                   |  1- 3 |  4- 6 || total
-------------------------+-------+-------++-------
Melee: Long sword        |   108 |    16 ||   124
       Headbutt          |    17 |     1 ||    18
  Use: Scroll            |       |     7 ||     7
       Potion            |       |     2 ||     2
  Eat: Bread ration      |     1 |       ||     1
       Pizza             |     1 |       ||     1
Armor: Scale mail        |    77 |     3 ||    80
Dodge: Dodged            |    43 |     2 ||    45
Block: Shield            |    72 |    15 ||    87
       Rpst.: Long sword |     6 |     1 ||     7
